 Dungeon Crawl Stone Soup version 0.26.1-2-gb8aa6d0cf2 (webtiles) character file.

Game seed: 10873192916398733609

330519 Amaterasu the Gelid (level 21, 0/148 HPs)
             Began as an Octopode Ice Elementalist on Feb 27, 2021.
             Was the Champion of Cheibriados.
             Shot with a bolt by a yaktaur captain (24 damage)
             ... on level 3 of the Vaults on Feb 28, 2021.
             The game lasted 02:03:26 (54217 turns).

Amaterasu the Gelid (Octopode Ice Elementalist)    Turns: 54217, Time: 02:03:27

Health: 0/148      AC:  2    Str: 28    XL:     21   Next: 74%
Magic:  6/41       EV: 25    Int: 42    God:    Cheibriados [******]
Gold:   2931       SH:  0    Dex: 28    Spells: 14/52 levels left

rFire    + . .     SeeInvis +     - Unarmed
rCold    + + +     Faith    .   (no shield)
rNeg     . . .     Spirit   .   W - +1 hat {SInv}
rPois    +         Reflect  .   C - amulet of magic regeneration
rElec    .         Harm     .   f - +4 ring of evasion
rCorr    +         Rampage  .   B - ring "Viabirr" {rPois rF+ rC+}
Will     +....                  A - ring of see invisible
Stlth    ++++++....             J - ring of poison resistance
HPRegen  0.34/turn              y - ring of protection from cold
MPRegen  0.52/turn              E - ring of protection from cold
                                Y - ring of resist corrosion
                                Z - +6 ring of strength

@: no potions, very slow
A: almost no armour, stealthy swim, amphibious, 8 rings, constrict 8, camouflage
1, gelatinous body 1
}: 2/15 runes: decaying, serpentine
a: Renounce Religion, Bend Time, Temporal Distortion, Slouch, Step From Time


You were on level 3 of the Vaults.
You worshipped Cheibriados.
Cheibriados was exalted by your worship.
You visited 7 branches of the dungeon, and saw 35 of its levels.
You also visited: Bailey, Ice Cave and Wizlab.

You collected 4922 gold pieces.
You spent 1991 gold pieces at shops.

Inventory:

Missiles
 S - 18 javelins
Armour
 l - a +2 kite shield
 L - a +1 buckler of cold resistance
 W - a +1 hat of see invisible (worn)
Magical Staves
 F - an uncursed staff of earth
Jewellery
 f - a +4 ring of evasion (left tentacle)
 p - an uncursed amulet of reflection
 y - a ring of protection from cold (on tentacle)
 A - a ring of see invisible (on tentacle)
 B - the ring "Viabirr" (right tentacle) {rPois rF+ rC+}
   (You bought it in a shop on level 6 of the Dungeon)

   [ring of poison resistance]

   It protects you from fire.
   It protects you from cold.
   It protects you from poison.
 C - an amulet of magic regeneration (around mantle)
 E - a ring of protection from cold (on tentacle)
 J - a ring of poison resistance (on tentacle)
 K - an uncursed ring of ice
 M - an uncursed ring of ice
 X - an uncursed amulet of regeneration
 Y - a ring of resist corrosion (on tentacle)
 Z - a +6 ring of strength (on tentacle)
Wands
 m - a wand of digging (4)
 r - a wand of disintegration (48)
 t - a wand of iceblast (49)
 G - a wand of enslavement (28)
 H - a wand of paralysis (6)
 I - a wand of polymorph (41)
 N - a wand of flame (49)
 P - a wand of acid (5)
Scrolls
 h - 8 scrolls of enchant armour
 i - 4 scrolls of fear
 j - 17 scrolls of remove curse
 n - 6 scrolls of fog
 u - 14 scrolls of teleportation
 z - 19 scrolls of identify
 D - 3 scrolls of enchant weapon
 Q - 4 scrolls of amnesia
 U - 3 scrolls of blinking
Potions
 a - 8 potions of haste
 b - 5 potions of flight
 c - 8 potions of heal wounds
 d - 2 potions of brilliance
 e - 4 potions of mutation
 g - 11 potions of curing
 k - a potion of ambrosia
 o - 3 potions of cancellation
 q - 4 potions of might
 s - 3 potions of attraction
 v - 4 potions of magic
 w - 2 potions of invisibility
 x - 2 potions of lignification
Miscellaneous
 O - a phantom mirror
 R - a condenser vane
 T - a tin of tremorstones (2/2)
 V - a lightning rod (4/4)


   Skills:
 - Level 14.0 Fighting
 - Level 8.0 Dodging
 - Level 9.8 Stealth
 - Level 4.0 Shields
 - Level 13.5 Unarmed Combat
 - Level 16.0 Spellcasting
 * Level 8.5 Conjurations
 - Level 4.0 Summonings
 - Level 6.0 Necromancy
 - Level 4.0 Transmutations
 * Level 9.0 Fire Magic
 - Level 16.0 Ice Magic
 - Level 5.0 Air Magic
 - Level 10.0 Earth Magic
 - Level 6.0 Invocations
 - Level 8.0 Evocations


You had 14 spell levels left.
You knew the following spells:

 Your Spells              Type           Power        Failure   Level
a - Freeze                Ice            100%         0%          1
b - Frozen Ramparts       Ice            100%         0%          3
c - Ozocubu's Armour      Ice            100%         0%          3
d - Summon Lightning Spi  Summ/Air       63%          1%          4
e - Ice Form              Ice/Tmut       87%          1%          4
f - Ozocubu's Refrigerat  Ice            53%          1%          6
g - Borgnjor's Vile Clut  Necr/Erth      39%          1%          5
h - Starburst             Conj/Fire      41%          3%          6
i - Iron Shot             Conj/Erth      42%          2%          6

Your spell library contained the following spells:

 Spells                   Type           Power        Failure   Level
 Magic Dart               Conj           100%         1%          1
 Pain                     Necr           100%         1%          1
 Summon Small Mammal      Summ           100%         1%          1
 Call Imp                 Summ           61%          1%          2
 Corpse Rot               Necr/Air       N/A          1%          2
 Passwall                 Tmut/Erth      62%          1%          2
 Poisonous Vapours        Pois/Air       100%         1%          2
 Searing Ray              Conj           100%         1%          2
 Sublimation of Blood     Necr           35%          1%          2
 Swiftness                Air            66%          1%          2
 Wereblood                Tmut           61%          1%          2
 Call Canine Familiar     Summ           61%          1%          3
 Conjure Flame            Conj/Fire      82%          1%          3
 Dazzling Flash           Conj/Hex       100%         1%          3
 Ignite Poison            Fire/Tmut/Pois 63%          1%          3
 Mephitic Cloud           Conj/Pois/Air  64%          1%          3
 Summon Guardian Golem    Hex/Summ       50%          1%          3
 Animate Dead             Necr           35%          1%          4
 Fulminant Prism          Conj/Hex       31%          1%          4
 Hailstorm                Conj/Ice       95%          1%          4
 Iskenderun's Mystic Bla  Conj/Tloc      62%          1%          4
 Petrify                  Tmut/Erth      75%          1%          4
 Summon Ice Beast         Ice/Summ       87%          1%          4
 Bolt of Magma            Conj/Fire/Erth 42%          1%          5
 Fireball                 Conj/Fire      41%          1%          5
 Irradiate                Conj/Tmut      36%          1%          5
 Iskenderun's Battlesphe  Conj           81%          1%          5
 Metabolic Englaciation   Hex/Ice        39%          1%          5
 Simulacrum               Ice/Necr       45%          1%          6
 Confusing Touch          Hex            33%          2%          3
 Gell's Gravitas          Tloc           16%          2%          3
 Freezing Cloud           Conj/Ice/Air   43%          2%          6
 Conjure Ball Lightning   Conj/Air       37%          8%          6
 Cause Fear               Hex            16%          9%          4
 Silence                  Hex/Air        26%          9%          5
 Alistair's Intoxication  Tmut/Pois      33%          10%         5
 Yara's Violent Unravell  Hex/Tmut       25%          10%         5
 Death Channel            Necr           35%          11%         6
 Orb of Destruction       Conj           40%          22%         7
 Spellforged Servitor     Conj/Summ      36%          47%         7
 Eringya's Noxious Bog    Tmut/Pois      25%          50%         6
 Ignition                 Fire           41%          80%         8
 Discord                  Hex            16%          100%        8
 Tornado                  Air            33%          100%        9


Dungeon Overview and Level Annotations

Branches:
Dungeon (15/15)            Temple (1/1) D:5            Lair (6/6) D:9
  Swamp (4/4) Lair:3        Snake (4/4) Lair:3          Orc (2/2) D:10
    Elf (0/3) Orc:2        Vaults (3/5) D:13          Crypt (0/3) Vaults:3
 Depths (0/5) D:15         Bailey (visited)           IceCv (visited)
 WizLab (visited)
  Slime: Lair:5-6

Altars:
Ashenzari
Cheibriados
Dithmenos
Elyvilon
Fedhas
Gozag
Hepliaklqana
Kikubaaqudgha
Makhleb
Nemelex Xobeh
Okawaru
Qazlal
Ru
Sif Muna
Trog
Uskayaw
Vehumet
Wu Jian
Xom
Yredelemnul
Zin
The Shining One
Beogh

Shops:
D:6 (=[=   D:8 *   Orc:2 }[}[   Snake:2 =*   Snake:3 (   Snake:4 [

Annotations:
Snake:2 Roxanne


Innate Abilities, Weirdness & Mutations

You cannot wear most types of armour.
You are very stealthy in the water. (Stealth+)
You are amphibious.
You can wear up to eight rings at the same time.
You can use your tentacles to constrict eight enemies at once.
Your skin changes colour to match your surroundings (Stealth+).
Your rubbery body absorbs attacks. (AC +1, EV +1)


Message History

The fireball explodes!
The fireball engulfs you!! You resist.
* * * LOW HITPOINT WARNING * * *
Press: ? - help, v - describe, . - travel, g - get item
Here: a fire giant, wielding a +2 great sword of flaming (almost dead)
Items here: 2 large rocks; a stone giant corpse.
The floor, spattered with blood.
Aiming: Corrosive Bolt
Press: ? - help, Shift-Dir - straight line, f/p - fire giant
Aim: a fire giant, wielding a +2 great sword of flaming (almost dead, 6% to evade)
The bolt of acid hits the fire giant!!
The fire giant is splashed with acid.
You kill the fire giant!
Cheibriados appreciates the change of pace.
Your Fire Magic skill increases to level 9!
You start resting.
A yaktaur captain is nearby!
Your frozen ramparts will break if you move.
Continue?
The frozen ramparts melt away as you move.
The yaktaur captain wields a +0 arbalest.
The yaktaur captain shoots a bolt.
The bolt hits you!!
You die...

#.........#
#.........#
#...<.....#
####++##'########
#............####
#............#c.##
#.......(...)))).#
#.....>.....(##...p
#...........@# W
#............#
#............#
####'#########
#.......# #.......#
#### #.......# #...
#.......# #...
#.......# #...


You could see a yaktaur captain.

Vanquished Creatures
  Margery (Vaults:3)
  Saint Roka (Vaults:2)
  Xtahua (Vaults:2)
  Jory (Vaults:2)
  2 sphinxes (Vaults:3)
  The ghost of Ocyt the Warrior, an adept OgAM of Yredelemnul (Swamp:1)
  Asterion (Vaults:1)
  2 thorn hunters (Swamp:4)
  A fire giant (Vaults:3)
  12 nagarajas
  The ghost of antidepressant22 the Severer, a journeyman HOMo of Beogh (Swamp:1)
  A frost giant (IceCv)
  Aizul (Snake:2)
  5 vault wardens
  An orc warlord (Orc:2)
  A very ugly thing (Vaults:3)
  4 ironheart preservers
  3 stone giants
  3 bunyips
  Azrael (Snake:1)
  6 dire elephants (Lair:6)
  2 eleionomae
  Josephine (D:14)
  A crystal guardian (Vaults:2)
  3 ettins
  2 yaktaur captains
  Fannar (D:12)
  3 ice dragons
  9 vault guards
  2 ghost crabs
  A rakshasa (Vaults:3)
  3 boulder beetles
  26 hydras
  A catoblepas (Lair:6)
  21 naga warriors
  2 merfolk avatars (Swamp:2)
  10 centaur warriors
  4 ogre magi
  9 alligators
  5 anacondas
  A deep troll shaman (Vaults:2)
  3 death knights
  15 two-headed ogres
  16 death yaks
  23 naga sharpshooters
  4 orc high priests (Orc:2)
  4 tengu warriors (D:13)
  A hell knight (Vaults:3)
  A deep elf knight (Vaults:2)
  10 spriggans
  7 shock serpents
  2 iron trolls (D:11)
  3 unseen horrors
  2 salamander mystics
  6 goliath frogs
  A shadow wraith (Vaults:3)
  A skeletal warrior (Vaults:2)
  10 swamp dragons
  2 deep trolls (Vaults:2)
  2 bog bodies
  A flayed ghost (Vaults:3)
  5 spriggan druids
  A phantasmal warrior (Vaults:2)
  3 lindwurms (Swamp:4)
  A wolf spider zombie (D:13)
  2 wizards (Vaults:2)
  10 naga ritualists
  4 harpies (D:13)
  13 orc knights
  7 ironbrand convokers
  A deep elf mage (Vaults:3)
  3 necromancers (Vaults:3)
  A wolf spider (Vaults:2)
  9 orc sorcerers
  22 ugly things
  3 mana vipers
  2 manticores
  5 will-o-the-wisps
  3 cyclopes
  8 salamanders
  2 guardian serpents (shapeshifter)
  5 guardian serpents (Snake:4)
  34 black mambas
  7 elephants
  An ice statue (IceCv)
  4 centaur zombies
  20 naga magi
  8 vault sentinels
  17 cane toads
  2 torpor snails
  3 gargoyles
  13 yaktaurs
  The ghost of Galthrax the Firebug, a novice HOFE of the Shining One (D:5)
  2 kobold demonologists
  5 komodo dragons
  4 rime drakes
  3 freezing wraiths
  14 trolls
  A troll (shapeshifter) (D:15)
  20 polar bears
  A bloated husk (Swamp:2)
  A meliai (shapeshifter) (Vaults:2)
  11 tyrant leeches
  12 hornets
  8 blink frogs
  A tengu simulacrum (Vaults:1)
  10 slime creatures
  Grinder (D:3)
  5 dream sheep
  3 shadows
  8 wraiths
  86 yaks
  3 water elementals (D:11)
  Sigmund (D:2)
  A vampire (D:12)
  3 wyverns
  A human (shapeshifter) (Vaults:3)
  4 basilisks
  3 fire elementals (Snake:1)
  A yaktaur simulacrum (Vaults:2)
  3 vampire mosquitoes (Swamp:1)
  18 swamp worms
  9 wargs
  55 nagas
  A hell hound (Snake:1)
  3 acid dragons
  20 water moccasins
  2 sky beasts
  An eye of draining (D:10)
  63 orc warriors
  2 phantoms (D:10)
  2 black bears
  2 ice beasts
  A necrophage (D:8)
  9 swamp drakes (Swamp:4)
  23 ogres
  4 boggarts (Vaults:3)
  34 centaurs
  42 wolves
  A big kobold (D:10)
  Blork the orc (D:6)
  2 gnoll sergeants
  12 bullfrogs
  2 wyvern zombies
  An earth elemental (WizLab)
  A scorpion (D:13)
  17 killer bees
  4 wights (D:10)
  A howler monkey (D:4)
  8 electric eels
  2 bullfrog zombies
  5 hounds
  8 jellies
  35 orc priests
  2 bullfrog skeletons
  9 centaur skeletons
  23 orc wizards
  Jessica (D:3)
  7 hell rats (Lair:2)
  15 worker ants
  A killer bee zombie (D:7)
  A hound zombie (D:5)
  2 hound skeletons (D:5)
  A howler monkey zombie (D:8)
  17 gnolls
  13 adders
  2 howler monkey skeletons
  3 white imps
  An ufetubus (D:10)
  2 oozes
  An adder zombie (D:5)
  An adder skeleton (D:4)
  7 worms
  3 dart slugs
  5 leopard geckos
  144 orcs
  2 ball pythons
  7 bats
  2 bat zombies (D:2)
  8 giant cockroaches
  3 hobgoblins
  3 iguanas
  7 jackals
  4 quokkas
  2 frilled lizards
  5 goblins
  6 kobolds
  A quokka skeleton (D:5)
  7 rats
  A rat zombie (D:2)
  31 briar patches (Swamp:4)
  2 bushes (Lair:6)
1450 creatures vanquished.

Vanquished Creatures (collateral kills)
  A nagaraja (Snake:4)
  A naga warrior (Snake:4)
  A naga sharpshooter (Snake:4)
  A naga mage (Snake:4)
  2 orc wizards (D:10)
  2 orcs (D:10)
8 creatures vanquished.

Vanquished Creatures (others)
  Nikola (Swamp:3)
  A swamp dragon (Swamp:4)
  A polar bear (D:14)
  4 bushes (Lair:1)
  8 foxfires
  72 fungi
  143 plants
  5 withered plants (Swamp:1)
235 creatures vanquished.

Grand Total: 1693 creatures vanquished

Notes
Turn   | Place    | Note
-------+----------+-------------------------------------------
     0 | D:1      | Amaterasu the Octopode Ice Elementalist began the quest for
                  | the Orb.
     0 | D:1      | Reached XP level 1. HP: 11/11 MP: 3/3
   732 | D:1      | Reached XP level 2. HP: 9/17 MP: 3/5
  1350 | D:2      | Noticed Sigmund
  1697 | D:2      | Reached XP level 3. HP: 20/22 MP: 1/6
  1701 | D:2      | Learned a level 3 spell: Frozen Ramparts
  2009 | D:2      | Reached skill level 1 in Fighting
  2310 | D:2      | Found a white marble altar of Elyvilon.
  2329 | D:2      | Reached XP level 4. HP: 24/28 MP: 4/7
  2344 | D:2      | Learned a level 3 spell: Ozocubu's Armour
  2419 | D:2      | Found an ancient bone altar of Kikubaaqudgha.
  2621 | D:2      | Killed Sigmund
  2622 | D:2      | Reached XP level 5. HP: 34/34 MP: 2/10
  2912 | D:3      | Noticed Jessica
  2928 | D:3      | Reached XP level 6. HP: 37/39 MP: 7/11
  2928 | D:3      | Killed Jessica
  2929 | D:3      | Reached skill level 5 in Ice Magic
  3158 | D:3      | Noticed Grinder
  3176 | D:3      | Paralysed by Grinder for 2 turns
  3187 | D:3      | Paralysed by Grinder for 5 turns
  3202 | D:3      | Killed Grinder
  3203 | D:3      | Reached XP level 7. HP: 24/45 MP: 3/13
  3708 | D:3      | Found a shimmering altar of Xom.
  4564 | D:4      | Reached skill level 5 in Spellcasting
  5149 | D:4      | Found a blossoming altar of Fedhas.
  5258 | D:5      | Entered Level 5 of the Dungeon
  5303 | D:5      | Found a runed translucent door.
  5304 | D:5      | Noticed Galthrax's ghost (novice HOFE)
  5311 | D:5      | Reached XP level 8. HP: 20/51 MP: 15/15
  5729 | D:5      | Found a staircase to the Ecumenical Temple.
  5749 | Temple   | Entered the Ecumenical Temple
  6074 | D:5      | Killed Galthrax's ghost
  6451 | D:5      | Learned a level 4 spell: Summon Lightning Spire
  6801 | D:5      | Learned a level 4 spell: Ice Form
  7103 | D:5      | Found a stormy altar of Qazlal.
  7516 | D:6      | Reached XP level 9. HP: 57/57 MP: 10/16
  7591 | D:6      | Reached skill level 1 in Transmutations
  7592 | D:6      | Reached skill level 1 in Summonings
  7592 | D:6      | Reached skill level 1 in Air Magic
  7726 | D:6      | Noticed Blork the orc
  7736 | D:6      | Killed Blork the orc
  7845 | D:6      | Found Kingok's Antique Weapon Boutique.
  7849 | D:6      | Found Yteyceom's Jewellery Emporium.
  7967 | D:6      | Found Kovvifiar's Armour Shop.
  8152 | D:6      | Found a snail-covered altar of Cheibriados.
  8164 | D:6      | Became a worshipper of Cheibriados the Contemplative
  8351 | D:6      | Found Pywaweosso's Jewellery Shop.
  8693 | D:7      | Found a shadowy altar of Dithmenos.
  8717 | D:7      | Found a shimmering blue altar of Sif Muna.
  8949 | D:7      | Found an ornate altar of the Wu Jian Council.
  8989 | D:7      | Reached * piety under Cheibriados
  9305 | D:8      | Reached XP level 10. HP: 64/64 MP: 15/19
  9805 | D:8      | Found Pihyfur's General Store.
  9880 | D:8      | Reached skill level 5 in Unarmed Combat
  9880 | D:8      | Reached ** piety under Cheibriados
 10219 | D:9      | Found a stormy altar of Qazlal.
 10236 | D:9      | Reached skill level 10 in Ice Magic
 10627 | D:9      | Learned a level 6 spell: Ozocubu's Refrigeration
 10745 | D:9      | Found a staircase to the Lair.
 11009 | D:10     | Entered Level 10 of the Dungeon
 11156 | D:10     | Reached skill level 5 in Fighting
 11565 | D:10     | Reached *** piety under Cheibriados
 12015 | D:10     | Reached XP level 11. HP: 72/72 MP: 12/20
 12143 | D:6      | Bought the ring "Viabirr" {rPois rF+ rC+} for 451 gold
                  | pieces
 12552 | D:10     | Noticed a two-headed ogre
 12561 | D:10     | Killed a two-headed ogre
 12875 | D:10     | Found a staircase to the Orcish Mines.
 13078 | D:10     | Reached **** piety under Cheibriados
 13207 | Lair:1   | Entered Level 1 of the Lair of Beasts
 14282 | Lair:1   | Noticed a death yak
 14291 | Lair:1   | Killed a death yak
 14347 | Lair:1   | Noticed a seven-headed hydra
 14357 | Lair:1   | Killed a seven-headed hydra
 14698 | Lair:2   | Reached skill level 5 in Air Magic
 14746 | Lair:2   | Noticed a boulder beetle
 14768 | Lair:2   | Killed a boulder beetle
 14769 | Lair:2   | Reached XP level 12. HP: 63/79 MP: 19/24
 15109 | Lair:2   | Reached ***** piety under Cheibriados
 15747 | Lair:2   | Found a bloodstained altar of Trog.
 16125 | Lair:3   | Found a staircase to the Snake Pit.
 16215 | Lair:3   | Noticed a death yak
 16216 | Lair:3   | Noticed a death yak
 16216 | Lair:3   | Noticed a death yak
 16217 | Lair:3   | Noticed a death yak
 16221 | Lair:3   | Killed a death yak
 16222 | Lair:3   | Killed a death yak
 16222 | Lair:3   | Killed a death yak
 16222 | Lair:3   | Killed a death yak
 16345 | Lair:3   | Reached ****** piety under Cheibriados
 16350 | Lair:3   | Reached XP level 13. HP: 86/86 MP: 14/26
 16542 | Lair:3   | Found a staircase to the Swamp.
 16551 | Lair:3   | Reached skill level 10 in Spellcasting
 18205 | Lair:4   | Reached skill level 10 in Unarmed Combat
 19348 | Lair:5   | You fall into a shaft and drop 1 floor!
 19348 | Lair:6   | Entered Level 6 of the Lair of Beasts
 19548 | Lair:6   | Reached XP level 14. HP: 94/94 MP: 13/28
 20147 | Lair:6   | Noticed a dire elephant
 20309 | Lair:6   | Noticed a dire elephant
 20309 | Lair:6   | Noticed a dire elephant
 20315 | Lair:6   | Killed a dire elephant
 20315 | Lair:6   | Killed a dire elephant
 20586 | Lair:6   | Noticed a dire elephant
 20615 | Lair:6   | Killed a dire elephant
 20906 | Lair:6   | Noticed a dire elephant
 20916 | Lair:6   | Killed a dire elephant
 20917 | Lair:6   | Reached skill level 5 in Stealth
 21229 | Lair:6   | Noticed a dire elephant
 21234 | Lair:6   | Killed a dire elephant
 21256 | Lair:6   | Killed a dire elephant
 22394 | D:11     | Reached skill level 15 in Ice Magic
 23869 | D:12     | Reached XP level 15. HP: 100/100 MP: 31/31
 23961 | D:12     | Noticed Fannar
 23974 | D:12     | Killed Fannar
 23975 | D:12     | Reached skill level 1 in Invocations
 25999 | D:13     | Found a gate to the Vaults.
 26002 | D:13     | Reached skill level 1 in Shields
 27018 | D:14     | Noticed Josephine
 27045 | D:14     | Killed Josephine
 27062 | D:14     | Found a frozen archway.
 27096 | IceCv    | Entered an ice cave
 28243 | IceCv    | Noticed a frost giant
 28617 | IceCv    | Killed a frost giant
 28618 | IceCv    | Reached XP level 16. HP: 82/108 MP: 27/32
 28627 | IceCv    | Identified The Foundations of Witchcraft
 29161 | D:14     | Reached skill level 5 in Dodging
 29570 | D:14     | Learned a level 5 spell: Borgnjor's Vile Clutch
 29674 | D:15     | Entered Level 15 of the Dungeon
 29790 | D:15     | Found a staircase to the Depths.
 30509 | D:15     | Reached skill level 1 in Necromancy
 30509 | D:15     | Reached skill level 1 in Earth Magic
 30933 | D:15     | Identified Akhip's Reference Book on Black Secrets and Fire
 31186 | D:15     | Identified a scroll of acquirement
 31186 | D:15     | Acquired 1199 gold pieces
 31350 | Orc:1    | Entered Level 1 of the Orcish Mines
 31382 | Orc:1    | Found a flagged portal.
 31392 | Bailey   | Entered a bailey
 31982 | Bailey   | Reached XP level 17. HP: 114/114 MP: 34/34
 32360 | Orc:2    | Entered Level 2 of the Orcish Mines
 32962 | Orc:2    | Found a roughly hewn altar of Beogh.
 32964 | Orc:2    | Reached skill level 5 in Invocations
 33214 | Orc:2    | Found Ojiod's Armour Emporium.
 33255 | Orc:2    | Found Ucluhar's Gadget Shoppe.
 33285 | Orc:2    | Bought a condenser vane for 480 gold pieces
 33726 | Orc:2    | Found a staircase to the Elven Halls.
 33763 | Orc:2    | Found the +3 giant club "Skullcrusher" {speed, Str+7}
 33969 | Orc:2    | Found a roughly hewn altar of Beogh.
 34091 | Orc:2    | Found Fehasyk's Gadget Emporium.
 34141 | Orc:2    | Bought a tin of tremorstones (2/2) for 520 gold pieces
 34162 | Orc:2    | Found Enytat's Antique Armour Boutique.
 34214 | Orc:2    | Reached skill level 10 in Fighting
 34469 | Orc:2    | Learned a level 6 spell: Starburst
 34630 | Snake:1  | Entered Level 1 of the Snake Pit
 34922 | Snake:2  | Reached skill level 1 in Evocations
 35657 | Snake:2  | Reached XP level 18. HP: 120/120 MP: 29/36
 35902 | Snake:2  | Noticed Aizul
 35915 | Snake:2  | Killed Aizul
 36139 | Snake:2  | Noticed Roxanne
 36294 | Snake:2  | Found Ywuufry's Jewellery Emporium.
 36301 | Snake:2  | Found Xuonuciu's Assorted Antiques.
 36347 | Snake:2  | Bought a lightning rod (4/4) for 540 gold pieces
 36707 | Snake:2  | Learned a level 6 spell: Iron Shot
 36741 | Snake:3  | Found Buipijoo's Weapon Shop.
 37437 | Snake:4  | Entered Level 4 of the Snake Pit
 38625 | Snake:4  | Found Cuenieta's Armour Boutique.
 38841 | Snake:4  | Identified the +0 robe of Tempters {Str+3}
 39490 | Snake:4  | Reached skill level 5 in Necromancy
 39798 | Snake:4  | Reached skill level 5 in Earth Magic
 40063 | Snake:4  | Reached skill level 5 in Evocations
 40383 | Snake:4  | Reached XP level 19. HP: 128/128 MP: 18/37
 41013 | Snake:4  | Got a serpentine rune of Zot
 41903 | Snake:4  | Acquired a +1 hat of see invisible
 42320 | Snake:1  | Noticed Azrael
 42323 | Snake:1  | Killed Azrael
 43362 | Swamp:1  | Entered Level 1 of the Swamp
 44420 | Swamp:1  | Found a runed translucent gate.
 44420 | Swamp:1  | Found a runed translucent gate.
 44420 | Swamp:1  | Found a runed translucent gate.
 44421 | Swamp:1  | Noticed antidepressant22's ghost (journeyman HOMo)
 44422 | Swamp:1  | Noticed Ocyt's ghost (adept OgAM)
 44437 | Swamp:1  | Killed Ocyt's ghost
 44438 | Swamp:1  | Killed antidepressant22's ghost
 44702 | Swamp:2  | Reached skill level 1 in Conjurations
 44713 | Swamp:2  | Reached skill level 1 in Fire Magic
 45736 | Swamp:3  | Noticed Nikola
 45742 | Swamp:3  | Killed Nikola
 45934 | Swamp:3  | Reached skill level 10 in Earth Magic
 45964 | Swamp:3  | Reached XP level 20. HP: 131/138 MP: 14/38
 46594 | Swamp:4  | Entered Level 4 of the Swamp
 47578 | Swamp:4  | Got a decaying rune of Zot
 48177 | Vaults:1 | Entered Level 1 of the Vaults
 48339 | Vaults:1 | Reached skill level 15 in Spellcasting
 48530 | Vaults:1 | Noticed Asterion
 49442 | Vaults:1 | You fall into a shaft and drop 1 floor!
 49447 | Vaults:2 | Noticed Xtahua
 49449 | Vaults:2 | Paralysed by Xtahua for 7 turns
 49456 | Vaults:2 | Killed Xtahua
 49645 | Vaults:2 | Noticed Saint Roka
 49655 | Vaults:2 | Killed Saint Roka
 50317 | Vaults:1 | Killed Asterion
 50466 | Vaults:2 | Noticed Jory
 50479 | Vaults:2 | Killed Jory
 51174 | Vaults:2 | Reached skill level 5 in Fire Magic
 51271 | Vaults:2 | Reached skill level 5 in Conjurations
 51323 | Vaults:2 | Reached XP level 21. HP: 145/145 MP: 29/41
 52650 | Vaults:3 | Found a magical portal.
 52655 | WizLab   | Entered Doroklohe's Tomb
 53411 | Vaults:3 | Found a staircase to the Crypt.
 53484 | Vaults:3 | Noticed Margery
 53490 | Vaults:3 | Killed Margery
 54217 | Vaults:3 | Shot with a bolt by a yaktaur captain

Illustrated notes

Levels and vault maps discovered:
D:1:      wheals_arrival_linesprint, layout_basic
D:2:      layout_loops_cross, lemuel_zombie_altar_kikubaaqudgha,
          elyvilon_altar_3, uniq_sigmund
D:3:      layout_rooms, serial_rivers, chequers_serial_rivers_small_3,
          chequers_serial_rivers_micro_c, chequers_serial_rivers_marsh,
          chequers_serial_rivers_small_a, dk_xom_monty_hall, uniq_jessica,
          uniq_grinder
D:4:      layout_cave_pools, fedhas_altar_fruit_tree
D:5:      layout_loops_ring, lemuel_crystal_altar, minmay_temple_entry_junction,
          serial_aquarium, aquarium_bridge_island_small
          [aquarium_subvault_small_open, aquarium_subvault_wall,
          aquarium_subvault_window, aquarium_subvault_bridge,
          aquarium_subvault_bridge], aquarium_bridge_square
          [aquarium_subvault_window, aquarium_subvault_window,
          aquarium_subvault_window, aquarium_subvault_bridge],
          aquarium_window_2, aquarium_window_corner, aquarium_window_corner,
          aquarium_window_fake, aquarium_view_2c, aquarium_view_2c,
          aquarium_balcony_1b, aquarium_pool_five, ebering_ghost_sewer_d
D:6:      layout_rooms, kennysheep_slug_shrine, serial_shops, shop_fountains,
          nicolae_shop_trees, shop, shop, minmay_holes, uniq_blork_the_orc
D:7:      layout_rooms, nicolae_overflow_crystal_walls,
          overflow_temple_1_default, basic_altar
D:8:      layout_loops_ring, serial_shops, shop
D:9:      layout_basic, dpeg_oklobed_lair, basic_altar, minmay_misc_feat_hallway
D:10:     layout_basic, erik_orc_2
D:11:     lemuel_troll_bridge, layout_basic
D:12:     layout_stronghold, uniq_fannar
D:13:     layout_irregular_city, skrybe_vaults_entry_preservation,
          hangedman_aviary
D:14:     layout_big_octagon, portal_ice_cave_entry_animals_and_master,
          serial_bayou_pond_d, minmay_misc_feat_x, minmay_strange_pillars,
          uniq_josephine
D:15:     hangedman_depths_entry_civil_slaughter, layout_basic,
          minmay_misc_feat_five
Temple:   eino_wide_crystal_templ
Lair:1:   layout_loops_ring, grunt_forest_large_clearing_hut
Lair:2:   layout_loops_ring, basic_altar, serial_bayou_shore_a
Lair:3:   layout_loops_ring, swamp_mist_pool, minmay_snake_entry_six_corridors,
          serial_bayou_pond_a, infiniplex_staircase_pool
Lair:4:   layout_gridlike
Lair:5:   layout_gridlike, dpeg_slime_entry_enclosed_altar
Lair:6:   due_jungle_book, layout_loops_ring, nicolae_lair_yak_garden,
          grunt_megastairs_5
Swamp:1:  layout_basic_swamp, gammafunk_ghost_cemetery,
          hangedman_swamp_ruin_hall, swamp_pool1
Swamp:2:  layout_basic_swamp, evilmike_swamp_ruin_house_2, swamp_pool1,
          grunt_lady_of_the_lake
Swamp:3:  layout_basic_swamp, evilmike_swamp_ruin_house_3, uniq_nikola
Swamp:4:  swamp_alternative, layout_basic_swamp, swamp_pool5
Snake:1:  layout_gridlike, lemuel_fruit_tree, uniq_azrael
Snake:2:  layout_basic, special_room, serial_shops, nicolae_shop_statue_plus,
          minmay_shop_enchanted_jewellery, uniq_aizul, uniq_roxanne
Snake:3:  layout_cave_town, serial_shops, nicolae_shop_crystal
Snake:4:  grunt_snake_rune_spirals, layout_concentric_octagons, serial_shops,
          shop
Orc:1:    layout_caves, enter_bailey_2
Orc:2:    pubby_orc_utopia
Vaults:1: vaults_room_grunt_arrival_checkpoint, v_pattern_1,
          hangedman_vaults_maws, grunt_vaults_hallway_short,
          nicolae_vaults_yaktaur_gun_rack, hangedman_vaults_pinch,
          hangedman_vaults_corner_blocks, layout_vaults_omnigrid, uniq_asterion
Vaults:2: vaults_room_ringed_pool, nicolae_vaults_circle_grid_a,
          grunt_vaults_hallway_short, ontoclasm_vaults_echo,
          ontoclasm_vaults_ring_small, hangedman_vaults_snaps,
          nicolae_vaults_mini_display_case, nicolae_vaults_network_s, v_misc_28,
          hangedman_vaults_trim, hangedman_vaults_capsules,
          layout_vaults_omnicross, uniq_xtahua, uniq_jory, uniq_saint_roka
Vaults:3: nicolae_vaults_little_squares_2, blue_anna_dwarven_crypt, st_diamondy,
          v_rooms_1, ontoclasm_vaults_gateway, hangedman_vaults_restitches,
          vaults_room_pools, v_rooms_4, v_misc_4, layout_vaults_maze_snakey,
          mu_enter_wizlab_2, uniq_margery

Skill      XL: |  1  2  3  4  5  6  7  8  9 10 11 12 13 14 15 16 17 18 19 20 21 |
---------------+----------------------------------------------------------------+-----
Fighting       | 1 2 3 4 5 6 7 8 9 10 11 12 13 14 | 14.0
Dodging        | 3 4 5 6 8 |  8.0
Spellcasting   | 3 4 5 6 8 9 10 12 13 14 16 | 16.0
Ice Magic      | 5 6 8 9 10 11 12 14 15 16 | 16.0
Unarmed Combat | 3 4 5 8 9 10 11 12 13 | 13.5
Transmutations | 2 4 |  4.0
Summonings     | 2 4 |  4.0
Air Magic      | 2 3 5 |  5.0
Stealth        | 3 6 9 |  9.8
Invocations    | 3 4 5 6 |  6.0
Shields        | 2 3 4 |  4.0
Necromancy     | 1 3 5 6 |  6.0
Earth Magic    | 1 2 5 10 | 10.0
Evocations     | 1 5 8 |  8.0
Conjurations   | 2 5 8 |  8.5
Fire Magic     | 2 5 9 |  9.0

Action                   |  1- 3 |  4- 6 |  7- 9 | 10-12 | 13-15 | 16-18 | 19-21 || total
-------------------------+-------+-------+-------+-------+-------+-------+-------++-------
Melee: Unarmed           |    87 |    74 |   274 |   309 |   470 |   347 |   281 ||  1842
       Constrict         |    23 |    15 |    41 |    12 |    16 |     9 |     5 ||   121
       Tentacles         |     9 |    10 |    39 |     9 |    21 |    25 |    16 ||   129
       Punch             |       |       |       |     4 |    11 |     9 |     5 ||    29
 Cast: Freeze            |    33 |     9 |    33 |       |       |       |       ||    75
       Frozen Ramparts   |       |     6 |    36 |    30 |    18 |     7 |    10 ||   107
       Ozocubu's Armour  |       |     1 |    20 |    20 |    19 |     8 |    14 ||    82
       Ice Form          |       |       |     5 |    40 |    63 |    71 |    62 ||   241
       Summon Lightning  |       |       |       |     4 |     2 |     5 |     1 ||    12
       Ozocubu's Refrige |       |       |       |    19 |   101 |   187 |   399 ||   706
       Borgnjor's Vile C |       |       |       |       |       |     1 |       ||     1
       Iron Shot         |       |       |       |       |       |       |    11 ||    11
Invok: Slouch            |       |       |       |       |       |       |     4 ||     4
 Abil: End Transformatio |       |       |       |       |       |       |     2 ||     2
Evoke: Wand              |       |       |       |       |     1 |       |     3 ||     4
       Condenser vane    |       |       |       |       |       |       |     1 ||     1
  Use: Scroll            |     5 |     4 |    13 |     7 |     8 |     4 |     7 ||    48
       Potion            |       |       |       |       |     3 |     1 |       ||     4
 Stab: Sleeping          |    11 |     3 |    10 |     3 |    14 |    21 |    14 ||    76
       Distracted        |       |       |       |     1 |     1 |     4 |     1 ||     7
Armor: Skin              |    10 |    13 |    34 |    58 |   159 |    55 |    55 ||   384
Dodge: Dodged            |    92 |    75 |   233 |   207 |   421 |   314 |   312 ||  1654
Block: Other             |       |       |    18 |    42 |       |       |       ||    60
       Reflection        |       |       |     1 |     1 |       |       |       ||     2
